 Dungeon Crawl Stone Soup version 0.31-a0-702-gf82c85558f (webtiles) character file.

Game seed: 5285081725933038747

65 subawu the Trooper (level 3, -5/29 HPs)
             Began as a Demonspawn Chaos Knight on Sept 8, 2023.
             Was a Plaything of Xom.
             Slain by Jessica
             ... wielding a +0 dagger
              (6 damage)
             ... on level 1 of the Dungeon.
             The game lasted 00:05:53 (1133 turns).

subawu the Trooper (Demonspawn Chaos Knight)        Turns: 1133, Time: 00:05:54

Health: -5/29      AC: 12    Str: 14    XL:     3   Next: 92%
Magic:  3/3        EV:  7    Int: 13    God:    Xom [..*...]
Gold:   109        SH:  0    Dex: 12    Spells: 2/2 levels left

rFire   . . .        l - +0 flail
rCold   . . .        (no shield)
rNeg    . . .        m - +1 chain mail
rPois   .            (no helmet)
rElec   .            (no cloak)
rCorr   .            g - +2 pair of gloves
SInv    .            (no boots)
Will    .....        (no amulet) Stlth
                     (no ring)
HPRegen 0.24/turn    (no ring)
MPRegen 0.08/turn

%: no passive effects
@: no status effects
A: hooves 1
a: Renounce Religion


You were on level 1 of the Dungeon.
You worshipped Xom.
You were a toy of Xom.
You visited 1 branch of the dungeon, and saw 2 of its levels.

You collected 109 gold pieces.

Inventory:

Hand Weapons
 a - a +0 mace of chaos
 l - a +0 flail (weapon)
 o - a +0 club
Armour
 b - a +2 leather armour
 f - an orb of guile
 g - a +2 pair of gloves (worn)
 m - a +1 chain mail (worn)
Jewellery
 i - a ring of ice
Scrolls
 c - a scroll of butterflies
 d - a scroll of fear
 j - a scroll of identify
Potions
 e - a potion of heal wounds
 n - 3 potions of curing {unknown}


   Skills:
 + Level 3.6 Fighting
 + Level 3.5 Maces & Flails
 + Level 2.1 Armour
 + Level 1.4 Dodging


You had 2 spell levels left.
You didn't know any spells.
Your spell library was empty.

Dungeon Overview and Level Annotations

Branches:
Dungeon (2/15)

Altars:

Shops:
D:2 (

Annotations:
D:1 Jessica
D:2 Sigmund


Innate Abilities, Weirdness & Mutations

You have large cloven feet.


Message History

You are confused.
You're too confused to move!
Okay, then.
Jessica hits you but does no damage. Jessica barely misses you.
Sigmund hits you from afar with a +0 scythe.
Xom grants you insight.
You feel aware of your surroundings. Sigmund casts a spell at you.
You resist with significant effort. Jessica hits you with a +0 dagger.
Jessica hits you with a +0 dagger. Sigmund barely misses you.
You feel less confused.
Jessica points at you and mumbles some strange words.
Pain shoots through your body! Jessica gestures at you while chanting.
You barely resist. Sigmund hits you but does no damage.
A quokka comes into view.
Jessica gestures wildly.
Jessica attacks as she pursues you! Jessica hits you but does no damage.
Sigmund completely misses you. Jessica hits you but does no damage.
Your butterfly disappears in a puff of smoke!
Jessica hits you but does no damage. Sigmund closely misses you.
Jessica completely misses you. Sigmund hits you but does no damage.
There is an escape hatch in the ceiling here.
Things that are here:
a +2 short sword of speed; 12 gold pieces; a giant cockroach corpse Your butterfly disappears in a puff of smoke!
Jessica hits you with a +0 dagger. Jessica hits you but does no damage.
A mysterious force pulls you upwards. The hatch slams shut behind you.
Jessica attacks as she pursues you! Jessica hits you but does no damage.
Jessica casts a spell at you. Pain shoots through your body!
* * * LOW HITPOINT WARNING * * *
A shower of butterflies erupts from you!
Jessica gestures wildly while chanting.
Jessica blinks!
Jessica hits you with a +0 dagger.
You die...
Xom is highly amused!

##.#####......# #.......#...#
.......#......# #########...#
.......#......### #...#
................# #####
......##.>......#
......####....b.#############
......#
##...b....b........#####
......#
###.....b.........'....
####### #b.b@...........#####
###.@####............
##...........#.####
####........#.####
#........#.....
#........#.....
#........#.....
#........#.....
#......>.^.)...


You could see Jessica (fast, ally target).

Vanquished Creatures
  2 adders (D:2)
  3 dart slugs (D:1)
  3 giant cockroaches
  5 goblins
  2 hobgoblins (D:1)
  7 jackals
  A quokka (D:2)
  3 ball pythons
  5 bats
  A frilled lizard (D:1)
  3 kobolds (D:2)
  3 rats
38 creatures vanquished.

Notes
Turn   | Place    | Note
-------+----------+-------------------------------------------
     0 | D:1      | subawu the Demonspawn Chaos Knight began the quest for the
                  | Orb.
     0 | D:1      | Reached XP level 1. HP: 18/18 MP: 1/1
   227 | D:1      | Gained mutation: You have large cloven feet. [demonic
                  | ancestry]
   227 | D:1      | Reached XP level 2. HP: 19/24 MP: 2/2
   272 | D:1      | Reached skill level 1 in Dodging
   375 | D:1      | XOM: silly message
   811 | D:1      | Reached XP level 3. HP: 29/29 MP: 3/3
   999 | D:2      | Found Famulotwoi's Antique Weapon Boutique.
  1030 | D:2      | XOM: smoke on damage
  1080 | D:2      | Noticed Jessica
  1082 | D:2      | Noticed Sigmund
  1086 | D:2      | XOM: potion effect (curing)
  1107 | D:2      | XOM: butterfly on damage
  1115 | D:2      | XOM: divination: detect items
  1121 | D:2      | XOM: divination: magic mapping
  1132 | D:1      | HP: 1/29 [Jessica/nerve-wracking pain (9)]
  1132 | D:1      | XOM: butterfly on damage
  1133 | D:1      | Slain by Jessica

Illustrated notes

Levels and vault maps discovered:
D:1:      wander_arrival_lonely_grave, layout_basic
D:2:      layout_rooms, serial_shops, shop, uniq_jessica, uniq_sigmund

Skill      XL: |  1  2 |
---------------+-------+-----
Armour         | 2 |  2.1
Dodging        | 1 |  1.4
Maces & Flails | 3 |  3.5
Fighting       | |  3.6

Action                     || total
---------------------------++-------
  Melee: Mace              ||    23
         Punch             ||     2
         Flail             ||    69
         Kick              ||    15
    Use: Scroll            ||     6
 Armour: Leather armour    ||    41
         Chain mail        ||   121
  Dodge: Dodged            ||    78

Table legend: (Time is in decaauts)
 A = Elapsed time spent in this place.
 B = Non-inter-level travel time spent in this place.
 C = Inter-level travel time spent in this place.
 D = Time resting spent in this place.
 E = Time spent auto-exploring this place.
 F = Levels seen in this place.
 G = Mean time per level.
                   A        B        C        D        E       F      G
               +--------+--------+--------+--------+--------+-----+--------+
         Total |   1154 |   1154 |      0 |      0 |    458 |   2 |  577.0 |
       Dungeon |   1154 |   1154 |      0 |      0 |    458 |   2 |  577.0 |
               +--------+--------+--------+--------+--------+-----+--------+

Top non-repeatable levels by time:
     D:1: 907 daAuts
     D:2: 247 daAuts
